[Event "ICCopen2017"]
[Site "Internet Chess Club"]
[Date "2017.03.25"]
[Round "10"]
[White "knightspirit"]
[Black "Cool-Defender"]
[Result "1-0"]
[ICCResult "Black forfeits on time"]
[WhiteElo "1260"]
[BlackElo "1535"]
[Opening "King's pawn opening"]
[ECO "B07"]
[NIC "VO.17"]
[Time "15:58:47"]
[TimeControl "180+0"]

1. e4 d6 2. Nf3 Nf6 3. Nc3 Bg4 4. Bc4 e5 5. d3 Be7 6. h3 Bh5 7. Be3 O-O 8.
Qd2 c6 9. O-O-O Nbd7 10. g4 Bg6 11. Nh4 a5 12. a3 b5 13. Ba2 b4 14. Nxg6
hxg6 15. Nb1 bxa3 16. bxa3 d5 17. g5 Nh5 18. exd5 cxd5 19. Bxd5 Rc8 20. Nc3
Bxa3+ 21. Kb1 Bb4 22. Kb2 Bxc3+ 23. Qxc3 Rxc3 24. Kxc3 Qc7+ 25. Kd2 Nb6 26.
Ba2 e4 27. Rb1 Nd7 28. d4 Rd8 29. Rhc1 Ne5 30. c4 Nf3+ 31. Ke2 Nf4+ 32. Kf1
Nd3 33. Rc3 Qh2 34. c5 Qxh3+ 35. Ke2 Qg4 36. Kf1 Nf4 37. Bxf4 Qxf4 38. c6
Nxd4 39. c7 Rc8 40. Rb8 Qf5 41. Bxf7+ Kxf7 42. Kg2 Qf3+ 43. Kf1 Qd1+ 44. Kg2
Qg4+ 45. Kf1 Qd7 46. Ke1 Nf3+ 47. Kf1 Nd2+ 48. Kg2 {Black forfeits on time}
1-0

[Event "ICCopen2017"]
[Site "Internet Chess Club"]
[Date "2017.03.25"]
[Round "10"]
[White "FGM21"]
[Black "Nfurter"]
[Result "0-1"]
[ICCResult "White checkmated"]
[WhiteElo "1906"]
[BlackElo "1805"]
[Opening "Pirc defense"]
[ECO "B07"]
[NIC "PU.08"]
[Time "15:58:33"]
[TimeControl "180+0"]

1. e4 d6 2. d4 Nf6 3. Nc3 Nbd7 4. f4 e5 5. Nf3 exd4 6. Nxd4 g6 7. Bd3 Bg7 8.
O-O O-O 9. Kh1 Re8 10. Qe1 Nxe4 11. Nf3 Nxc3 12. Qg3 Ne4 13. Bxe4 Rxe4 14.
Bd2 Bxb2 15. Rae1 Rxe1 16. Rxe1 Bg7 17. Ng5 Nf6 18. Qh4 Bf5 19. Bc3 h6 20.
Nf3 Ne4 21. Bxg7 Kxg7 22. g4 Qxh4 23. Nxh4 Bd7 24. Nf3 Re8 25. Kg2 Bc6 26.
Nd4 Nf6+ 27. Kf1 Rxe1+ 28. Kxe1 Nxg4 29. h3 Nf6 30. Kd2 Nd5 31. Ne2 Bb5 32.
Nd4 Ba6 33. f5 Kf6 34. fxg6 fxg6 35. Nf3 h5 36. Nh4 Kg5 37. Ng2 Bf1 38. Ne1
Bxh3 39. Nf3+ Kf4 40. Nd4 Bf5 41. Ne2+ Kf3 42. Ng1+ Kg2 43. Ne2 h4 44. Nf4+
Kg3 45. Nxd5 h3 46. Ne3 h2 47. Nf1+ Kg2 48. Nxh2 Kxh2 49. c4 c5 50. a4 Be6
51. a5 Bxc4 52. Kc3 Ba6 53. Kd2 b6 54. Ke3 bxa5 55. Kd2 a4 56. Kc3 Bb5 57.
Kd2 a3 58. Kc3 a2 59. Kb3 Bc4+ 60. Kb2 d5 61. Kc2 d4 62. Kb2 g5 63. Kc2 g4
64. Kb2 g3 65. Ka1 g2 66. Kb2 g1=Q 67. Kc2 Qe3 68. Kb2 Qc3# {White
checkmated} 0-1

[Event "ICCopen2017"]
[Site "Internet Chess Club"]
[Date "2017.03.25"]
[Round "10"]
[White "checkum"]
[Black "KnightWalker"]
[Result "0-1"]
[ICCResult "White forfeits on time"]
[WhiteElo "1338"]
[BlackElo "1411"]
[Opening "Sicilian: Alapin's variation (2.c3)"]
[ECO "B22"]
[NIC "SI.46"]
[Time "15:58:55"]
[TimeControl "180+0"]

1. e4 c5 2. c3 d6 3. Bd3 Nc6 4. Bc2 Nf6 5. d3 Bg4 6. f3 Bd7 7. Ne2 e6 8. O-O
Be7 9. Kh1 O-O 10. Bg5 b5 11. Qd2 Re8 12. f4 a5 13. Qc1 b4 14. Nd2 Qc7 15.
Ng3 Rab8 16. Nf3 Qb7 17. c4 h6 18. Bh4 Nh7 19. Bxe7 Nxe7 20. d4 Ng6 21. f5
exf5 22. exf5 Ne7 23. d5 Qc8 24. Nh4 Nf6 25. Qf4 Qc7 26. Qf3 Nc8 27. Nh5 Qd8
28. Rae1 Rxe1 29. Rxe1 Nxh5 30. Qxh5 Qf6 31. Qe2 Nb6 32. g3 Re8 33. Qf2
Rxe1+ 34. Qxe1 Nxc4 35. Bb3 Nxb2 36. Nf3 Nd3 37. Qe2 Bxf5 38. Bc2 Ne5 39.
Nxe5 Bxc2 40. Nxf7 Qxf7 41. Qxc2 Qxd5+ 42. Kg1 Qd4+ 43. Kg2 d5 44. Qf5 Qe4+
45. Qxe4 dxe4 46. Kf2 Kf7 47. Ke3 Ke6 48. Kxe4 Kd6 49. Kd3 Kd5 50. Ke3 c4
51. Kd2 g5 52. Kc2 Kd4 53. h3 c3 54. h4 Ke3 55. hxg5 hxg5 56. g4 Kf3 57. Kb3
Kxg4 58. a3 Kf3 59. axb4 axb4 60. Kxb4 c2 61. Kc4 c1=Q+ {White forfeits on
time} 0-1

[Event "ICCopen2017"]
[Site "Internet Chess Club"]
[Date "2017.03.25"]
[Round "10"]
[White "PerlHackr"]
[Black "canary2016"]
[Result "1-0"]
[ICCResult "Black forfeits on time"]
[WhiteElo "1446"]
[BlackElo "1226"]
[Opening "English: Bremen, Smyslov system"]
[ECO "A22"]
[NIC "EO.24"]
[Time "15:59:08"]
[TimeControl "180+0"]

1. c4 e5 2. g3 Nf6 3. Nc3 Bb4 4. Bg2 Nc6 5. d3 a6 6. Bg5 h6 7. Bxf6 Qxf6 8.
a3 Bc5 9. Ne4 Qe7 10. Nxc5 Qxc5 11. Nf3 Nd4 12. Nxd4 Qxd4 13. Rb1 Qd6 14.
O-O O-O 15. e3 Qe7 16. d4 exd4 17. exd4 d6 18. Re1 Qd8 19. Qb3 Rb8 20. Qe3
Bf5 21. Be4 Bxe4 22. Qxe4 Re8 23. Qxe8+ Qxe8 24. Rxe8+ Rxe8 25. Kf1 Kh7 26.
b4 Kg6 27. Rb3 Re4 28. Rd3 Kf6 29. f3 Re8 30. Kf2 Ke6 31. Re3+ Kd7 32. f4 c6
33. h4 Rxe3 34. Kxe3 Ke6 35. g4 g6 36. Ke4 f5+ 37. Kf3 b6 38. g5 h5 39. Ke3
d5 40. c5 b5 41. Kd3 Kd7 42. Kc3 Ke6 43. Kb3 Kd7 44. a4 Kc7 45. axb5 axb5
46. Kc3 Kd7 47. Kd3 Ke7 48. Ke3 Kf7 49. Kf3 Kg7 50. Ke3 Kf8 51. Kf3 Ke8 52.
Ke3 Kd8 53. Kd3 Kc8 54. Kc3 Kb8 55. Kb3 Ka8 56. Ka3 Kb7 57. Kb3 Kc7 58. Kc3
Kd7 59. Kd3 Ke7 60. Ke3 Kf7 61. Kf3 Kg7 62. Kf2 Kh7 63. Ke2 Kg8 64. Kd2 Kf8
65. Kd3 Ke8 66. Kc3 Kd8 67. Kb3 Kc8 68. Kc2 Kb8 69. Kd3 Kb7 70. Kd2 Kc7 71.
Ke2 Kd7 72. Kf3 Ke7 73. Kg3 Kf7 74. Kh3 Kg7 75. Kg2 Kh7 76. Kf2 Kg8 77. Ke2
Kf8 78. Ke3 Ke8 79. Ke2 Kf8 80. Ke3 Ke8 81. Kd3 Kf8 82. Kc2 Ke8 83. Kb3 Kf8
84. Ka3 Ke8 85. Kb3 Kf8 86. Kb2 Ke8 87. Kc2 Kf8 88. Kc3 Ke8 89. Kd2 Kf8 90.
Kd3 Ke8 91. Ke2 Kf8 92. Kf3 Ke8 93. Kg2 Kf8 94. Kg3 Ke8 95. Kh3 Kf8 96. Kh2
Ke8 97. Kg1 Kf8 98. Kf2 Ke8 99. Ke1 Kf8 100. Kd2 Ke8 101. Kd1 Kf8 102. Kc2
Ke8 103. Kb3 Kf8 104. Kc3 Ke8 105. Kb2 Kf8 106. Ka2 Ke8 107. Ka1 Kf8 108.
Kb1 Ke8 109. Kc1 Kf8 110. Kd1 Ke8 111. Ke2 Kf8 112. Kf1 Ke8 113. Kg2
{Black forfeits on time}
1-0

[Event "ICCopen2017"]
[Site "Internet Chess Club"]
[Date "2017.03.25"]
[Round "10"]
[White "jdimpo1"]
[Black "JCT2000"]
[Result "0-1"]
[ICCResult "White forfeits on time"]
[WhiteElo "1321"]
[BlackElo "1896"]
[Opening "Sicilian: Nimzovich-Rubinstein variation"]
[ECO "B29"]
[NIC "SI.43"]
[Time "15:59:14"]
[TimeControl "180+0"]

1. e4 c5 2. Nf3 Nf6 3. Nc3 d5 4. e5 Ne4 5. d3 Nxc3 6. bxc3 Bg4 7. Be2 Nc6 8.
h3 Bxf3 9. Bxf3 Nxe5 10. Qe2 Nxf3+ 11. Qxf3 e6 12. O-O Bd6 13. c4 O-O 14.
cxd5 exd5 15. Kh1 Be5 16. Rb1 b6 17. Bf4 Bxf4 18. Qxf4 Re8 19. Rfe1 Qd7 20.
Re3 d4 21. Rf3 Re2 22. Rc1 Rae8 23. Kh2 Qe7 24. c3 dxc3 25. Rxc3 g6 26. Rc4
Qe5 27. Qxe5 R8xe5 28. Rcf4 Re7 29. Ra4 Rc2 30. Kg3 h5 31. Kh4 Kg7 32. Kg5
b5 33. Ra5 Rb2 34. a3 b4 35. Rxc5 bxa3 36. Ra5 a2 37. d4 Re4 38. d5 f6+ 39.
Rxf6 Re5+ 40. Kf4 Kxf6 41. Ra6+ Rb6 42. Rxa7 Rxd5 43. Rxa2 Rb4+ 44. Kg3 Rd3+
45. Kh2 Rb5 46. Ra6+ Kf5 47. Ra2 Re5 48. Ra4 Re2 49. Kg1 Rd1+ 50. Kh2 Rxf2
51. Ra5+ Kf6 52. Ra6+ Kg7 53. Ra7+ Kh6 {White forfeits on time} 0-1

[Event "ICCopen2017"]
[Site "Internet Chess Club"]
[Date "2017.03.25"]
[Round "10"]
[White "Norgeman"]
[Black "PITCHUS"]
[Result "0-1"]
[ICCResult "White resigns"]
[WhiteElo "1513"]
[BlackElo "1774"]
[Opening "Queen's pawn game"]
[ECO "D00"]
[NIC "QP.07"]
[Time "15:59:48"]
[TimeControl "180+0"]

1. d4 Nf6 2. Nc3 d5 3. Bf4 c5 4. e3 Nc6 5. Nf3 Bg4 6. Bb5 e6 7. Bxc6+ bxc6
8. h3 Bxf3 9. Qxf3 cxd4 10. exd4 Qb6 11. O-O Qxb2 12. Rab1 Qxc2 13. Rfc1 Qf5
14. g4 Qg6 15. Rb7 Ba3 16. Rcb1 O-O 17. Be5 a5 18. R1b3 Bb4 19. Kg2 Bxc3 20.
Rxc3 Ne4 21. Rxc6 Ng5 22. Qe3 Rac8 23. Rbc7 Rb8 24. Rc2 Rb1 25. R2c5 h5 26.
gxh5 Qxh5 27. Bf4 Ne4 28. Rxa5 Qg6+ 29. Bg3 Nxg3 30. Qxg3 Qe4+ 31. f3 Rb2+
32. Kg1 Qxd4+ 33. Kf1 Qd3+ 34. Kg1 Qd1+ {White resigns} 0-1

[Event "ICCopen2017"]
[Site "Internet Chess Club"]
[Date "2017.03.25"]
[Round "10"]
[White "Magagna"]
[Black "Dodgy"]
[Result "1-0"]
[ICCResult "Black checkmated"]
[WhiteElo "1656"]
[BlackElo "1907"]
[Opening "Queen's bishop game"]
[ECO "D02"]
[NIC "QP.06"]
[Time "15:59:17"]
[TimeControl "180+0"]

1. d4 Nf6 2. Nf3 d5 3. Bf4 g6 4. e3 Bg7 5. Nbd2 O-O 6. Bd3 c5 7. c3 Nc6 8.
O-O Nd7 9. Re1 e5 10. dxe5 Ndxe5 11. Nxe5 Nxe5 12. Bxe5 Bxe5 13. f4 Bg7 14.
Nf3 Re8 15. Bb5 Re7 16. Qb3 a6 17. Bf1 Bg4 18. Rad1 Bxf3 19. gxf3 d4 20.
exd4 Rxe1 21. Rxe1 cxd4 22. Qxb7 Rb8 23. Qc6 dxc3 24. bxc3 Bf6 25. Bxa6 Kg7
26. Bf1 Rc8 27. Qe4 Rxc3 28. Kg2 Ra3 29. Bc4 h5 30. Qe8 Qc7 31. Bb3 Ra7 32.
Re4 Qc3 33. Qb5 Qd2+ 34. Re2 Qxf4 35. Qc5 Bd4 36. Qd5 Rc7 37. Re4 Qd2+ 38.
Kh3 Qxh2+ 39. Kxh2 Bf6 40. Qxf7+ Kh6 41. Qxc7 Kg5 42. a4 h4 43. Kg2 h3+ 44.
Kxh3 Kf5 45. Qc5+ Be5 46. Qxe5# {Black checkmated} 1-0

[Event "ICCopen2017"]
[Site "Internet Chess Club"]
[Date "2017.03.25"]
[Round "10"]
[White "fearlessone"]
[Black "pehuensur"]
[Result "1-0"]
[ICCResult "Black forfeits on time"]
[WhiteElo "1675"]
[BlackElo "1475"]
[Opening "Van't Kruijs opening"]
[ECO "A00"]
[Time "15:58:47"]
[TimeControl "180+0"]

1. e3 e5 2. Ne2 d5 3. d3 c6 4. Nd2 f6 5. g3 Bd6 6. Bg2 Be6 7. O-O Qd7 8. b3
Bh3 9. Bb2 h5 10. f3 Bxg2 11. Kxg2 h4 12. g4 f5 13. h3 fxg4 14. fxg4 Na6 15.
a3 Nf6 16. Nc3 O-O-O 17. Qf3 Bc7 18. Rae1 Qd6 19. e4 Rhf8 20. Qe2 d4 21. Nd1
Nc5 22. Nc4 Qd7 23. Bc1 Ne6 24. Kh1 Nh7 25. Rxf8 Rxf8 26. Rf1 b5 27. Rxf8+
Nhxf8 28. Nd2 Ng6 29. Nf3 Nef4 30. Bxf4 Nxf4 31. Qf2 Qe7 32. Nxh4 Qxa3 33.
Kh2 Qc1 34. Qe1 g5 35. Nf3 Ng6 36. Qd2 Qxd2+ 37. Nxd2 Kd7 38. Nf3 Bd8 39.
Kg3 Bf6 40. Nf2 a5 41. Nd2 a4 42. bxa4 bxa4 43. Nb1 Be7 44. c4 c5 45. Na3
Ke6 46. Nd1 Nf4 47. Nb2 Bd6 48. Nb5 Ne2+ 49. Kf2 Nc3 50. Na3 Nd1+ 51. Nxd1
Kd7 52. Nb2 Be7 53. Nxa4 Bd6 54. Nb2 Ke7 55. Nb1 Kf6 56. Nd2
{Black forfeits on time}
1-0

[Event "ICCopen2017"]
[Site "Internet Chess Club"]
[Date "2017.03.25"]
[Round "10"]
[White "mongmong"]
[Black "audipudy"]
[Result "0-1"]
[ICCResult "White resigns"]
[WhiteElo "1376"]
[BlackElo "1564"]
[Opening "Queen's pawn: English defense"]
[ECO "A40"]
[NIC "QO.17"]
[Time "16:00:10"]
[TimeControl "180+0"]

1. d4 b6 2. Nf3 Bb7 3. e3 g6 4. Bd3 Bg7 5. Nbd2 e6 6. e4 Ne7 7. Qe2 d6 8. c3
Nd7 9. O-O h6 10. Re1 a6 11. Nc4 O-O 12. e5 Bxf3 13. Qxf3 d5 14. Ne3 c5 15.
Qe2 c4 16. Bc2 b5 17. Nf1 a5 18. Bf4 Nb6 19. Qd2 Kh7 20. h3 Nc6 21. b3 b4
22. Rab1 bxc3 23. Qxc3 Nb4 24. a3 Nxc2 25. Qxc2 Rc8 26. bxc4 Nxc4 27. Qb3
Rb8 28. Qxb8 Qxb8 29. Rxb8 Rxb8 30. Ne3 Nxa3 31. Ra1 Rb3 32. Nd1 Bf8 33. Bc1
Bb4 34. Bxa3 Bxa3 35. Kf1 Bb4 36. Ke2 h5 37. Ra4 Ra3 38. Rxa3 Bxa3 39. Kd3
Kh6 40. Nc3 Kg5 41. Na4 Kf4 42. Nb6 Bb4 43. Na4 h4 44. Nb6 g5 45. Nd7 a4 46.
Nb6 a3 47. Na4 a2 {White resigns} 0-1

[Event "ICCopen2017"]
[Site "Internet Chess Club"]
[Date "2017.03.25"]
[Round "10"]
[White "OTBB"]
[Black "Weelink"]
[Result "0-1"]
[ICCResult "White forfeits on time"]
[WhiteElo "1579"]
[BlackElo "1458"]
[Opening "Benkö gambit accepted"]
[ECO "A58"]
[NIC "BI.45"]
[Time "15:59:14"]
[TimeControl "180+0"]

1. d4 Nf6 2. c4 c5 3. d5 b5 4. cxb5 a6 5. bxa6 g6 6. Nc3 Bg7 7. e4 d6 8.
Bb5+ Bd7 9. Bxd7+ Nbxd7 10. Nf3 O-O 11. Qe2 Qa5 12. O-O Qxa6 13. Qxa6 Rxa6
14. Re1 Ng4 15. Nd2 Nge5 16. f4 Nd3 17. Re2 Nxf4 18. Kf1 Nxe2 19. Kxe2 Rfa8
20. Ndb1 Ne5 21. h3 e6 22. dxe6 fxe6 23. Nb5 Nc4 24. N1c3 Rb8 25. a4 d5 26.
exd5 exd5 27. Rb1 d4 28. Nc7 Rab6 29. N3b5 d3+ 30. Kxd3 Ne5+ 31. Ke4 Nc6 32.
Kd5 Nb4+ 33. Kc4 Be5 34. Kxc5 Bxc7 35. Nxc7 Nd3+ 36. Kd5 Nxc1
{White forfeits on time}
0-1

[Event "ICCopen2017"]
[Site "Internet Chess Club"]
[Date "2017.03.25"]
[Round "10"]
[White "xvs"]
[Black "TZ700A"]
[Result "1-0"]
[ICCResult "Black forfeits on time"]
[WhiteElo "1581"]
[BlackElo "1303"]
[Opening "Ruy Lopez: old Steinitz defense"]
[ECO "C62"]
[NIC "RL.02"]
[Time "15:59:06"]
[TimeControl "180+0"]

1. e4 e5 2. Nf3 Nc6 3. Bb5 d6 4. h3 Nf6 5. d3 Be7 6. c3 O-O 7. Nbd2 a6 8.
Ba4 b5 9. Bb3 b4 10. O-O a5 11. Re1 Ba6 12. Nf1 d5 13. exd5 Nxd5 14. Ba4 Qd6
15. Bxc6 Qxc6 16. Nxe5 Qd6 17. c4 Nf6 18. Bf4 Rad8 19. Ng6 Qxd3 20. Nxe7+
Kh8 21. Bxc7 Qxd1 22. Raxd1 Rxd1 23. Rxd1 Bxc4 24. Bxa5 Bxa2 25. Bxb4 Re8
26. Ne3 Ne4 27. Ba3 Bb3 28. Rd4 Nf6 29. N3f5 Be6 30. Ne3 h6 31. f3 Nd7 32.
N3d5 Bxd5 33. Rxd5 Nf6 34. Rd2 Ng8 35. Re2 Nxe7 36. Rxe7 Rc8 37. Rxf7 Rc1+
38. Kh2 Rc2 39. Rb7 Kh7 40. Bd6 Kg6 41. b4 Kf5 42. b5 g5 43. b6 h5 44. Bc7
g4 45. fxg4+ hxg4 46. hxg4+ Kxg4 47. Rb8 {Black forfeits on time} 1-0

[Event "ICCopen2017"]
[Site "Internet Chess Club"]
[Date "2017.03.25"]
[Round "10"]
[White "ALexiz"]
[Black "bennywins"]
[Result "1-0"]
[ICCResult "Black forfeits on time"]
[WhiteElo "1632"]
[BlackElo "1463"]
[Opening "Queen's pawn, Mason variation"]
[ECO "D00"]
[NIC "QP.08"]
[Time "15:59:14"]
[TimeControl "180+0"]

1. d4 d5 2. Bf4 Nf6 3. e3 Bf5 4. c3 Nh5 5. Bg5 g6 6. Be2 Nf6 7. Nf3 Bg7 8.
Nbd2 O-O 9. O-O h6 10. Bh4 c5 11. h3 cxd4 12. exd4 Qb6 13. Qb3 Nbd7 14. Bg3
Rac8 15. Ne5 Nxe5 16. Bxe5 Nd7 17. Bxg7 Kxg7 18. Nf3 Qxb3 19. axb3 a6 20. b4
Nb6 21. Ne5 f6 22. Nd3 e5 23. dxe5 fxe5 24. Nxe5 Rfe8 25. f4 Nd7 26. Bf3
Nxe5 27. fxe5 Rxe5 28. Rad1 Rd8 29. Rd4 Be4 30. Bxe4 Rxe4 31. Rfd1 Re2 32.
Rxd5 Rf8 33. Rd7+ Rf7 34. Rxf7+ Kxf7 35. Rd7+ Kf6 36. Rxb7 Rxb2 37. Rb6+ Kg5
38. Rxa6 Rb3 39. Rc6 h5 40. Kh2 Kf4 41. Rc5 g5 42. b5 h4 43. c4 g4 44. hxg4
Kxg4 45. Rc6 Rb2 46. Rh6 Rc2 47. b6 Rxc4 48. b7 Rb4 49. Rh7 Rb2 50. Kg1 Kg3
51. Rg7+ Kf4 52. Kf1 Ke3 53. Re7+ Kf4 54. Ke1 Rb1+ 55. Kd2 Rb2+ 56. Kc3 Rb6
57. Kc4 Rc6+ 58. Kb5 Rc1 59. Kb6 Kg3 60. b8=Q+ Kxg2 61. Rg7+ Kf1 62. Qf4+
Ke2 63. Qxc1 h3 64. Qh1 h2 65. Qxh2+ Kd3 66. Rd7+ Ke4 67. Qh3 Ke5 68. Qh5+
Ke4 69. Qd5+ Ke3 70. Re7+ Kf2 71. Qf5+ {Black forfeits on time} 1-0

[Event "ICCopen2017"]
[Site "Internet Chess Club"]
[Date "2017.03.25"]
[Round "10"]
[White "zandoli"]
[Black "minke"]
[Result "1-0"]
[ICCResult "Black resigns"]
[WhiteElo "1895"]
[BlackElo "1720"]
[Opening "English opening"]
[ECO "A15"]
[NIC "KI.75"]
[Time "16:00:03"]
[TimeControl "180+0"]

1. c4 Nf6 2. Nf3 g6 3. g3 Bg7 4. Bg2 d6 5. O-O O-O 6. d4 c6 7. Nc3 Nbd7 8.
e3 e5 9. Re1 e4 10. Nd2 d5 11. b4 Nb6 12. c5 Nbd7 13. a4 Nh5 14. Ba3 Ndf6
15. h3 Be6 16. g4 Nxg4 17. hxg4 Qh4 18. gxh5 Bg4 19. f3 Bxh5 20. Qe2 Rae8
21. Qf2 Qg5 22. fxe4 f5 23. exd5 f4 24. exf4 Rxe1+ 25. Rxe1 Rxf4 26. Nde4
Qg4 27. Qe3 Bh6 28. Qg3 Qf5 29. Nd6 Qf6 30. Re8+ Kg7 31. Re5 Rxd4 32. Ne8+
Kf8 33. Nxf6 {Black resigns} 1-0

[Event "ICCopen2017"]
[Site "Internet Chess Club"]
[Date "2017.03.25"]
[Round "10"]
[White "manitodeplomo"]
[Black "DropZone"]
[Result "1-0"]
[ICCResult "Black forfeits on time"]
[WhiteElo "2467"]
[BlackElo "2140"]
[Opening "Réti opening"]
[ECO "A11"]
[NIC "RE.06"]
[Time "15:59:38"]
[TimeControl "180+0"]

1. Nf3 d5 2. c4 c6 3. g3 Nf6 4. Bg2 Bf5 5. O-O e6 6. d3 h6 7. Nc3 dxc4 8.
dxc4 Qxd1 9. Rxd1 Nbd7 10. Nd4 Bh7 11. b3 Be7 12. Bb2 O-O 13. e4 Rfd8 14. f3
Ne5 15. Kf1 a6 16. Ke2 Rd7 17. f4 Ng6 18. e5 Ne8 19. Nxc6 Rxd1 20. Nxe7+
Nxe7 21. Rxd1 Nc6 22. Rd7 Rb8 23. Ne4 Bxe4 24. Bxe4 g6 25. Bc3 Ng7 26. g4 h5
27. h3 hxg4 28. hxg4 g5 29. fxg5 Ne8 30. Ke3 Nd8 31. b4 Nc6 32. a4 a5 33. b5
Nb4 34. Kd4 Kf8 35. c5 Rc8 36. Bxb4 {Black forfeits on time} 1-0

[Event "ICCopen2017"]
[Site "Internet Chess Club"]
[Date "2017.03.25"]
[Round "10"]
[White "SneekyPete"]
[Black "RenehLoos"]
[Result "1-0"]
[ICCResult "Black resigns"]
[WhiteElo "1535"]
[BlackElo "1860"]
[Opening "Robatsch (modern) defense"]
[ECO "B06"]
[NIC "KF.06"]
[Time "16:00:20"]
[TimeControl "180+0"]

1. e4 g6 2. d4 c5 3. dxc5 Bg7 4. c3 Qa5 5. b4 Qc7 6. Be3 a5 7. Bd4 e5 8. Be3
axb4 9. cxb4 Nf6 10. Nc3 Nc6 11. a3 Nd4 12. Bxd4 exd4 13. Nb5 Qc6 14. Nxd4
Qxe4+ 15. Qe2 Qxe2+ 16. Bxe2 Ne4 17. Ngf3 O-O 18. O-O Nc3 19. Bc4 Rb8 20.
Rac1 Ne4 21. Rfe1 Nd2 22. Nxd2 Bxd4 23. Nb3 Bg7 24. Re7 Bb2 25. Rd1 Bxa3 26.
Bb5 Bxb4 27. Bxd7 Bxd7 28. Rdxd7 Rbc8 29. Rxb7 Bxc5 30. Nxc5 Rxc5 31. h3
Rc1+ 32. Kh2 Rc2 33. f3 Kg7 34. Ra7 Rc5 35. Rec7 Rf5 36. Rab7 Ra8 37. Kg3 h5
38. h4 Ra2 39. Re7 Ra4 40. Rec7 Rff4 41. Kf2 Ra2+ 42. Kg3 Rf5 43. Rd7 Ra4
44. Rdc7 Ra6 45. Rd7 Raf6 46. Rdc7 Rf4 47. Rd7 Rc4 48. Rdc7 g5 49. Rxc4
gxh4+ 50. Rxh4 Rg6+ 51. Kf2 Ra6 52. Rxh5 Kf6 53. Rh6+ Kg7 54. Rxa6
{Black resigns}
1-0

[Event "ICCopen2017"]
[Site "Internet Chess Club"]
[Date "2017.03.25"]
[Round "10"]
[White "skewerd"]
[Black "bobbyforever"]
[Result "0-1"]
[ICCResult "White checkmated"]
[WhiteElo "1821"]
[BlackElo "1599"]
[Opening "Sicilian: Kan, 5.Bd3"]
[ECO "B42"]
[NIC "SI.42"]
[Time "15:59:56"]
[TimeControl "180+0"]

1. e4 c5 2. Nf3 e6 3. d4 cxd4 4. Nxd4 a6 5. Bd3 Qc7 6. Qe2 d6 7. c4 Nf6 8.
Nc3 Be7 9. O-O Nbd7 10. b3 O-O 11. Bb2 b6 12. Rac1 Bb7 13. f4 Rac8 14. Rfe1
Qb8 15. e5 Ne8 16. Qh5 h6 17. exd6 Bxd6 18. Ne4 Bxf4 19. Nf3 Bxc1 20. Bxc1
Bxe4 21. Bxe4 Nef6 22. Qh4 Nxe4 23. Rxe4 Nf6 24. Re1 Rc5 25. Bf4 Qb7 26. Bd6
Rfc8 27. Bxc5 Rxc5 28. Rd1 Rc7 29. Ne5 Nd7 30. Qd8+ Nf8 31. Qe8 Qe4 32. Nf3
Qe3+ 33. Kh1 Qc5 34. h3 Rc8 35. Qa4 b5 36. Qxa6 bxc4 37. bxc4 Qxc4 38. Qa5
Qc6 39. a4 Ra8 40. Qh5 Qxa4 41. Kh2 Qxd1 42. Qe5 Ra1 43. Qg3 Qh1#
{White checkmated}
0-1

[Event "ICCopen2017"]
[Site "Internet Chess Club"]
[Date "2017.03.25"]
[Round "10"]
[White "BillietheKid"]
[Black "Otje"]
[Result "1/2-1/2"]
[ICCResult "White ran out of time and Black has no material to mate"]
[WhiteElo "1340"]
[BlackElo "1327"]
[Opening "French: advance variation"]
[ECO "C02"]
[NIC "FR.03"]
[Time "15:59:59"]
[TimeControl "180+0"]

1. e4 e6 2. d4 d5 3. e5 c5 4. c3 cxd4 5. cxd4 Nc6 6. Nc3 Bb4 7. Nf3 Nge7 8.
Be2 Ng6 9. O-O O-O 10. a3 Be7 11. Be3 Bd7 12. b4 a6 13. Rc1 Rc8 14. Bd3 f5
15. exf6 Bxf6 16. Bxg6 hxg6 17. Ne2 e5 18. dxe5 Nxe5 19. Qxd5+ Kh8 20. Nxe5
Rxc1 21. Rxc1 Bxe5 22. Qxe5 Bf5 23. Bd4 Rf7 24. Nf4 Re7 25. Qc5 Re4 26. Be3
Qe8 27. h3 g5 28. Qxf5 gxf4 29. Bxf4 Re1+ 30. Rxe1 Qxe1+ 31. Kh2 Qe7 32. Bg3
Kg8 33. Qd5+ Kh7 34. Qf5+ g6 35. Qe5 Qf7 36. Qc7 Qxc7 37. Bxc7 Kg7 38. Kg3
Kf7 39. Kf4 Ke6 40. Bb6 Kd6 41. Bc5+ Ke6 42. Kg5 Kf7 43. g4 b5 44. h4 Kg7
45. h5 gxh5 46. gxh5 Kh7 47. h6 Kg8 48. f4 Kh7 49. f5 Kg8 50. Kf6 Kh7 51.
Be3 Kg8 52. Ke7 Kh7 53. f6 Kg8 54. f7+ Kh7 55. f8=Q Kg6 56. Qg7+ Kf5 57.
Qg5+ Ke4 58. Qf4+ Kd3 59. Qd4+ Kc2 60. Qd2+ Kb3 61. Qd3+ Ka4 62. Bc5 a5 63.
bxa5 Kxa5 64. Qxb5+ Kxb5 65. Bb4 Kc4 66. h7 Kb3
{White ran out of time and Black has no material to mate}
1/2-1/2

[Event "ICCopen2017"]
[Site "Internet Chess Club"]
[Date "2017.03.25"]
[Round "10"]
[White "neverend"]
[Black "Cowboystiefel"]
[Result "1-0"]
[ICCResult "Black checkmated"]
[WhiteElo "2553"]
[BlackElo "2131"]
[Opening "Caro-Kann: anti-anti-Caro-Kann defense"]
[ECO "B10"]
[NIC "CK.01"]
[Time "15:59:22"]
[TimeControl "180+0"]

1. e4 c6 2. c4 d5 3. exd5 cxd5 4. cxd5 Nf6 5. Nc3 Nxd5 6. Nf3 e6 7. Bc4 Nc6
8. O-O Nb6 9. Bb5 Be7 10. d4 O-O 11. Re1 Bd7 12. a3 Rc8 13. Bf4 a6 14. Bd3
Na5 15. Ne5 Be8 16. Be4 Nd5 17. Bd2 Nc4 18. Nxd5 exd5 19. Bf5 Rc7 20. Nxc4
Rxc4 21. Be3 Bf6 22. Bd3 Rc8 23. Qf3 Bc6 24. g3 Re8 25. h4 Qd7 26. Bf5 Qd6
27. Bxc8 Rxc8 28. Bf4 Qd7 29. Be5 Bd8 30. Re3 f6 31. Bf4 Qf7 32. Rae1 Bd7
33. Bd6 Qg6 34. h5 Qf7 35. h6 g6 36. Be7 Bc7 37. Qxf6 Re8 38. Qxf7+ Kxf7 39.
Bg5 Re6 40. Rxe6 Bxe6 41. Rc1 Bb6 42. Be3 Ke7 43. Kg2 Kd7 44. Kf3 Bf5 45. g4
Be4+ 46. Kg3 Bd3 47. f4 Be4 48. f5 gxf5 49. g5 Bc7+ 50. Bf4 Bd8 51. g6 Bf6
52. g7 Be7 53. g8=Q Bd3 54. Qxd5+ Ke8 55. Qg8+ Kd7 56. Qxh7 Be4 57. Qf7 Kd8
58. Be5 Kd7 59. Bf6 Kd6 60. Qxe7+ Kd5 61. Qe5# {Black checkmated} 1-0

[Event "ICCopen2017"]
[Site "Internet Chess Club"]
[Date "2017.03.25"]
[Round "10"]
[White "Koval"]
[Black "Skeptic1972"]
[Result "0-1"]
[ICCResult "White checkmated"]
[WhiteElo "1945"]
[BlackElo "1763"]
[Opening "QGD: Tarrasch, von Hennig-Schara gambit"]
[ECO "D32"]
[NIC "TD.10"]
[Time "15:59:19"]
[TimeControl "180+0"]

1. d4 d5 2. c4 e6 3. Nc3 c5 4. cxd5 cxd4 5. Qxd4 Nc6 6. Qd3 exd5 7. Nf3 d4
8. Nb5 Nf6 9. Nbxd4 Nxd4 10. Qxd4 Bd7 11. e4 Rc8 12. Be2 Bc5 13. Qe5+ Qe7
14. O-O Qxe5 15. Nxe5 Be6 16. Bb5+ Ke7 17. Re1 Bb4 18. Re3 Rc5 19. Be2 Rxe5
20. f4 Ra5 21. f5 Bd7 22. Rb3 Bc5+ 23. Kf1 Nxe4 24. Bf4 Bb6 25. Bf3 Rxf5 26.
g3 Rxf4 27. gxf4 Nd2+ 28. Kg2 Nxb3 29. Re1+ Kf6 30. axb3 Bc6 31. Bxc6 bxc6
32. Rc1 Rc8 33. Rc4 Be3 34. Kf3 Bc1 35. Rxc1 c5 36. Rc4 Ke6 37. b4 Kd5 38.
b3 Rc6 39. b5 Rb6 40. Ke3 Rxb5 41. f5 Rxb3+ 42. Kd2 Kxc4 43. Kc2 Rh3 44. Kc1
Rxh2 45. f6 gxf6 46. Kb1 Kc3 47. Ka1 Kb3 48. Kb1 Rh1# {White checkmated} 0-1

[Event "ICCopen2017"]
[Site "Internet Chess Club"]
[Date "2017.03.25"]
[Round "10"]
[White "PerMag"]
[Black "livis"]
[Result "1-0"]
[ICCResult "Black forfeits on time"]
[WhiteElo "1746"]
[BlackElo "1860"]
[Opening "French: Tarrasch, closed variation"]
[ECO "C05"]
[NIC "FR.16"]
[Time "15:59:22"]
[TimeControl "180+0"]

1. e4 e6 2. d4 d5 3. Nd2 Nf6 4. e5 Nfd7 5. Bd3 Be7 6. c3 a6 7. Ngf3 c5 8.
O-O Nc6 9. Re1 h6 10. Nf1 b6 11. Be3 Bb7 12. Bc2 Qc7 13. a3 O-O-O 14. Rc1
Rdg8 15. dxc5 Bxc5 16. Bxc5 Nxc5 17. b4 Nd7 18. Qe2 Kb8 19. a4 Ne7 20. Bd3
Ka7 21. c4 dxc4 22. Bxc4 Qb8 23. Qe3 Nd5 24. Qd4 Rc8 25. N1d2 f6 26. exf6
gxf6 27. Rxe6 Rxc4 28. Rxc4 Ne5 29. Nxe5 fxe5 30. Rxe5 Rd8 31. a5 Ka8 32.
Re6 Nc7 33. Rd6 Rg8 34. g3 Nb5 35. Qxb6 Qxd6 36. Qxd6 Nxd6 37. Rc1 Re8 38.
Nb3 Nc4 39. Nc5 Bf3 40. Nxa6 Ka7 41. Nc5 Na3 42. Nd3 Re2 43. Nf4 Nb5 44.
Nxe2 Bxe2 45. Re1 Bc4 46. Re7+ Kb8 47. Rh7 {Black forfeits on time} 1-0